 Dungeon Crawl Stone Soup version 0.30.0-29-ga12c61a403 (webtiles) character file.

Game seed: 14500300861169702692

3051 booth the Conjurer (level 9, -5/56 HPs)
             Began as a Gargoyle Reaver on June 21, 2023.
             Was an Initiate of Ashenzari.
             Slain by a wight
             ... wielding a +1 flail of protection
              (6 damage)
             ... on level 8 of the Dungeon on June 22, 2023.
             The game lasted 00:47:24 (6994 turns).

booth the Conjurer (Gargoyle Reaver)                Turns: 6994, Time: 00:47:25

Health: -5/56      AC: 18    Str: 18 (19) XL:     9   Next: 87%
Magic:  17/17      EV: 12    Int: 15      God:    Ashenzari [......]
Gold:   419        SH:  0    Dex:  7 (8)  Spells: 13/19 levels left

rFire   . . .        s - +3 hand axe (drain)
rCold   + . .        (no shield)
rNeg    + . .        d - +2 leather armour {rC+}
rPois   ∞            c - +0 helmet
rElec   +            E - +2 cloak {rCorr}
rCorr   +            b - +0 pair of gloves
SInv    .            (no boots)
Will    .....        (no amulet)
Stlth   +            (no ring)
HPRegen 0.29/turn    (no ring)
MPRegen 0.15/turn

%: no passive effects
@: no status effects
A: sickness immunity, AC +6, negative energy resistance 1, electricity
resistance, torment resistance 1, petrification resistance, iridescent scales 1,
subdued magic 1
a: Renounce Religion


You were on level 8 of the Dungeon.
You worshipped Ashenzari.
Ashenzari was noncommittal.
You visited 2 branches of the dungeon, and saw 10 of its levels.

You collected 419 gold pieces.

Inventory:

Hand Weapons
 a - a +0 mace
 q - a +0 quarterstaff
 s - a +3 hand axe of draining (weapon)
 C - a +0 whip of electrocution
 D - a +3 quarterstaff of chaos
Missiles
 m - 12 poisoned darts (quivered)
 t - 2 curare-tipped darts
 A - a throwing net
Armour
 b - a +0 pair of gloves (worn)
 c - a +0 helmet (worn)
 d - a +2 leather armour of cold resistance (worn)
 g - a +0 ring mail
 E - a +2 cloak of preservation (worn)
Wands
 n - a wand of flame (8)
 B - a wand of roots (3)
Scrolls
 e - 2 scrolls of fear
 k - 4 scrolls of teleportation
 v - a scroll of poison
 w - 2 scrolls of butterflies
 y - a scroll of enchant armour {unknown}
Potions
 f - a potion of brilliance
 h - 9 potions of heal wounds
 i - 2 potions of cancellation
 j - 2 potions of magic
 l - 4 potions of curing
 o - a potion of invisibility
 p - a potion of haste
 r - 3 potions of attraction {unknown}
 x - a potion of ambrosia
 z - 3 potions of mutation


   Skills:
 + Level 6.9 Fighting
 + Level 6.7 Maces & Flails
 + Level 5.1 Dodging
 + Level 5.7 Spellcasting
 + Level 7.4 Conjurations


You had 13 spell levels left.
You knew the following spells:

 Your Spells              Type           Power      Damage    Failure   Level
a - Kiss of Death         Conj/Necr      44%        2d8       3%          1
b - Momentum Strike       Conj/Tloc      22%        3d8       4%          2
c - Hailstorm             Conj/Ice       11%        3d5       10%         3

Your spell library contained the following spells:

 Spells                   Type           Power      Damage    Failure   Level
 Ignite Poison            Fire/Tmut/Pois 3%         N/A       43%         3
 Animate Dead             Necr           3%         N/A       85%         4
 Ice Form                 Ice/Tmut       3%         N/A       85%         4
 Freezing Cloud           Conj/Ice/Air   4%         6-21      86%         5
 Borgnjor's Vile Clutch   Necr/Erth      1%         N/A       99%         5
 Death Channel            Necr           1%         N/A       100%        6
 Simulacrum               Ice/Necr       1%         N/A       100%        6
 Cigotuvi's Dreadful Rot  Necr/Pois/Air  Unusable   N/A       N/A         2

Dungeon Overview and Level Annotations

Branches:
Dungeon (9/15)             Temple (1/1) D:7
   Lair: D:8-11         Orc: D:9-12

Altars:
Ashenzari
Cheibriados
Dithmenos
Elyvilon
Fedhas
Gozag
Nemelex Xobeh
Okawaru
Qazlal
Ru
Sif Muna
Trog
Vehumet
Wu Jian
Xom
Yredelemnul
Zin
The Shining One

Shops:
D:3 =


Innate Abilities, Weirdness & Mutations

You are immune to sickness and miasma.
Your stone body is resilient. (AC +6)
You are immune to poison.
You resist negative energy. (rN+)
You are resistant to electric shocks. (rElec)
You are resistant to unholy torment.
You are immune to petrification.
You are partially covered in iridescent scales. (AC +2)
Your spells are a little easier to cast, but a little less powerful.


Message History

There is a stone staircase leading up here.
You start resting.
HP restored.
You climb upwards.
The wight hits you but does no damage. x2
The wight misses you.
The wight hits you but does no damage. x2
The wight barely misses you.
The wight hits you with a +2 dire flail of freezing!
There is a stone staircase leading down here.
You closely miss the wight. You hit the wight.
You hit the wight but do no damage. You barely miss the wight.
The wight completely misses you. The wight misses you.
The wight closely misses you.
The wight hits you with a +1 flail of protection.
You hit the wight.
The wight is lightly damaged.
You hit the wight but do no damage. You hit the wight.
You closely miss the wight. The wight hits you but does no damage.
The wight hits you with a +2 dire flail of freezing.
The wight freezes you. The wight barely misses you.
The wight closely misses you.
You hit the wight.
The wight is moderately damaged.
You hit the wight but do no damage. You closely miss the wight.
You hit the wight. The wight completely misses you.
The wight hits you with a +2 dire flail of freezing!
The wight hits you with a +0 long sword!
The wight hits you with a +1 flail of protection!
* * * LOW HITPOINT WARNING * * *
You barely miss the wight.
The wight is moderately damaged.
You closely miss the wight. You completely miss the wight. You hit the wight.
The wight hits you with a +0 flail!
* * * LOW HITPOINT WARNING * * *
The wight hits you with a +2 dire flail of freezing.
* * * LOW HITPOINT WARNING * * *
The wight closely misses you. The wight hits you but does no damage.
The wight hits you but does no damage. The wight closely misses you.
The wight barely misses you.
The wight hits you with a +1 flail of protection.
You die...

..##.......................
...........................
...........................
..........................#
......[[...................
........................###
......†.................#
.........zzz..........
....#.....@...........
.........z............
.#...)................
#....................
#....................
...........#...
...........####
...........#


You could see 4 wights.

Vanquished Creatures
  Pikel (D:5)
  Grinder (D:3)
  A water moccasin (D:5)
  An ice beast (D:6)
  2 black bears
  2 ogres (D:4)
  2 centaurs
  2 kobold brigands
  A gnoll sergeant (D:7)
  3 bullfrogs
  A wight (D:8)
  3 killer bees (D:7)
  A howler monkey (D:4)
  4 hounds
  A gnoll bouda (D:5)
  Crazy Yiuf (D:5)
  4 jellies
  2 orc priests
  3 sleepcaps
  4 iguanas
  6 orc wizards
  15 gnolls
  8 adders
  4 white imps
  An ufetubus (D:6)
  2 worms
  A dart slug (D:1)
  28 orcs
  9 ball pythons
  3 endoplasms (D:1)
  4 giant cockroaches
  6 goblins
  11 hobgoblins
  11 jackals
  5 quokkas
  5 bats
  5 frilled lizards
  20 kobolds
  5 rats
189 creatures vanquished.

Notes
Turn   | Place    | Note
-------+----------+-------------------------------------------
     0 | D:1      | booth the Gargoyle Reaver began the quest for the Orb.
     0 | D:1      | Reached XP level 1. HP: 12/12 MP: 3/3
   122 | D:1      | Reached XP level 2. HP: 17/18 MP: 5/5
   129 | D:1      | Learned a level 2 spell: Momentum Strike
   376 | D:1      | Reached XP level 3. HP: 22/22 MP: 6/6
   380 | D:1      | Learned a level 3 spell: Hailstorm
  1052 | D:2      | Identified the +3 leather armour "Tesy" {rElec Dex+2}
  1368 | D:2      | Reached XP level 4. HP: 27/27 MP: 7/7
  1562 | D:3      | Found Imeesi's Jewellery Boutique.
  1592 | D:3      | Noticed Grinder
  1605 | D:3      | Paralysed by Grinder for 2 turns
  1619 | D:3      | Killed Grinder
  1620 | D:3      | Reached skill level 4 in Conjurations
  1620 | D:3      | Reached XP level 5. HP: 27/32 MP: 2/9
  1620 | D:3      | Reached XP level 6. HP: 32/37 MP: 2/10
  2042 | D:3      | Found a white marble altar of Elyvilon.
  2044 | D:3      | Found a shimmering blue altar of Sif Muna.
  2731 | D:4      | Identified the +0 cloak of the Pink Corner {rC+ rN+ Will+
                  | Slay-4}
  2849 | D:4      | Reached XP level 7. HP: 39/43 MP: 12/12
  3297 | D:4      | Reached skill level 5 in Conjurations
  3572 | D:5      | Entered Level 5 of the Dungeon
  3880 | D:5      | Reached skill level 5 in Maces & Flails
  3880 | D:5      | Reached XP level 8. HP: 31/48 MP: 12/14
  3987 | D:5      | Reached skill level 5 in Fighting
  4267 | D:5      | Found a bloodstained altar of Trog.
  4301 | D:5      | Noticed Pikel
  4315 | D:5      | Killed Pikel
  4316 | D:5      | Reached skill level 6 in Conjurations
  4476 | D:5      | Reached XP level 9. HP: 49/55 MP: 16/16
  4520 | D:5      | Found a runed translucent door.
  4521 | D:5      | Noticed Crazy Yiuf
  4526 | D:5      | Killed Crazy Yiuf
  5132 | D:6      | Reached skill level 5 in Spellcasting
  5620 | D:6      | Gained mutation: You are partially covered in iridescent
                  | scales. (AC +2) [potion of mutation]
  5620 | D:6      | Gained mutation: Your spells are a little easier to cast,
                  | but a little less powerful. [potion of mutation]
  5686 | D:7      | Reached skill level 7 in Conjurations
  5907 | D:7      | Found a staircase to the Ecumenical Temple.
  5940 | Temple   | Entered the Ecumenical Temple
  6168 | Temple   | Became a worshipper of Ashenzari the Shackled
  6243 | D:7      | Reached skill level 5 in Dodging
  6993 | D:8      | HP: 1/56 [wight/+2 dire flail of freezing (2)]
  6994 | D:8      | Slain by a wight

Illustrated notes

Levels and vault maps discovered:
D:1:      minmay_arrival_diagonal_passages, layout_basic,
          minmay_misc_feat_rugged
D:2:      layout_rooms, nicolae_figureground_pulse
D:3:      layout_basic, nicolae_overflow_hidden_temple, serial_shops, shop,
          grunt_decor_one_mirror, hex_tiny, hangedman_abyss_or_decor_stabs,
          uniq_grinder
D:4:      layout_gridville
D:5:      layout_loops_ring, mainiacjoe_overflow_cross_hatched, uniq_pikel,
          uniq_crazy_yiuf_cottage
D:6:      layout_basic
D:7:      layout_loops_ring, minmay_temple_entry_slanted
D:8:      layout_layer_cave, kiku_gazebo_garden_becter, minmay_misc_feat_cross
D:9:      layout_layer_cave, erik_orc_2, minmay_shop_chei,
          nicolae_nh_ransacked_shop
Temple:   bh_familiar_temple

Skill      XL: |  1  2  3  4  5  6  7  8  9 |
---------------+----------------------------+-----
Dodging        | 2 3 4 5 |  5.1
Fighting       | 3 4 5 6 |  6.9
Maces & Flails | 4 5 6 |  6.7
Spellcasting   | 3 4 5 |  5.7
Conjurations   | 4 5 6 7 |  7.4

Action                     |  1- 3 |  4- 6 |  7- 9 || total
---------------------------+-------+-------+-------++-------
  Melee: Mace              |   162 |    58 |       ||   220
         Punch             |     1 |     4 |     5 ||    10
         Hand axe          |       |    59 |   391 ||   450
         Quarterstaff      |       |     9 |       ||     9
  Throw: Dart              |       |       |    10 ||    10
   Cast: Momentum Strike   |       |     2 |     5 ||     7
         Kiss of Death     |       |       |     3 ||     3
    Use: Scroll            |     3 |     4 |     9 ||    16
         Potion            |       |     2 |     3 ||     5
 Armour: Leather armour    |   112 |    59 |   245 ||   416
  Dodge: Dodged            |   142 |    76 |   280 ||   498
